 Dungeon Crawl Stone Soup version 0.29.1-4-g47bece8355 (webtiles) character file.

Game seed: 2590136464120014013

41 GigaChad the Shield-Bearer (level 3, 0/29 HPs)
             Began as a Human Fighter on Dec 6, 2022.
             Slain by Natasha (6 damage)
             ... on level 2 of the Dungeon.
             The game lasted 00:01:25 (1381 turns).

GigaChad the Shield-Bearer (Human Fighter)          Turns: 1381, Time: 00:01:27

Health: 0/29       AC:  6    Str: 18    XL:     3   Next: 75%
Magic:  3/3        EV:  9    Int: 14    God:
Gold:   89         SH:  4    Dex: 12    Spells: 2/2 levels left

rFire   . . .      SeeInvis .   a - +0 war axe
rCold   . . .      Faith    .   c - +0 buckler
rNeg    . . .      Spirit   .   b - +0 scale mail
rPois   .          Reflect  .   (no helmet)
rElec   .          Harm     .   (no cloak)
rCorr   .          Rampage  .   (no gloves)
Will    .....                   (no boots)
Stlth   ..........              (no amulet)
HPRegen 0.09/turn               l - +6 ring of intelligence
MPRegen 0.08/turn               (no ring)

@: slowed, very slow
A: no striking features
a: no special abilities


You were on level 2 of the Dungeon.
You visited 1 branch of the dungeon, and saw 2 of its levels.

You collected 89 gold pieces.

Inventory:

Hand Weapons
 a - a +0 war axe (weapon)
Armour
 b - a +0 scale mail (worn)
 c - a +0 buckler (worn)
Jewellery
 l - a +6 ring of intelligence (left hand)
 n - a ring of magical power
Scrolls
 e - a scroll of vulnerability {unknown}
 g - a scroll of teleportation {unknown}
 h - 2 scrolls of enchant weapon {unknown}
 j - 2 scrolls of poison {unknown}
 m - a scroll of immolation {unknown}
 p - a scroll of noise {unknown}
Potions
 d - a potion of might
 f - 2 potions of flight {unknown}
 i - a potion of heal wounds {unknown}
 k - 2 potions of attraction {unknown}
 o - a potion of mutation {unknown}


   Skills:
 + Level 3.2 Fighting
 + Level 2.8 Axes
 + Level 3.2 Armour
 + Level 0.2 Dodging
 + Level 3.4 Shields


You had 2 spell levels left.
You didn't know any spells.
Your spell library was empty.

Dungeon Overview and Level Annotations

Branches:
Dungeon (2/15)

Altars:

Annotations:
D:2 Natasha


Message History

Natasha, Servant of Life and Death comes into view.
Natasha hisses angrily.
You see here a scroll labelled POUDAF VAOMM.
p - a scroll labelled POUDAF VAOMM Natasha wildly gestures.
Natasha's front paws start to glow.
You closely miss the ball python. Natasha casts a spell at you.
The magic dart hits you! The ball python bites you.
The ball python barely misses you.
A hobgoblin comes into view.
The hobgoblin shouts!
You slash the ball python!
You kill the ball python!
Natasha casts a spell at you. The magic dart hits you.
You see here a ball python corpse.
Natasha claws you. The hobgoblin closely misses you.
Natasha casts a spell at you. The magic dart hits you.
You hit Natasha.
Natasha is lightly wounded.
You hit the hobgoblin but do no damage.
The hobgoblin hits you but does no damage.
Natasha barely misses you.
You hit Natasha.
Natasha is moderately wounded.
You slash the hobgoblin!
You kill the hobgoblin!
Natasha casts a spell.
Natasha casts a spell at you.
You feel yourself slow down.
You closely miss Natasha.
Natasha is moderately wounded.
You hit the iron imp. Natasha claws you.
* * * LOW HITPOINT WARNING * * *
The iron imp hits you.
* * * LOW HITPOINT WARNING * * *
Natasha claws you.
You die...

.............
............ #
.......... .###
####..#....##....
.................
.................
.................
#..5@.......#
#...h†......#
###...........# .+
............#.# ..#
.......#.###...##...
.......#.............##
.........#......#.....#
.......#........#.....+
..........#....#.....#


You could see an iron imp (summoned) and Natasha.

Vanquished Creatures
  A gnoll (D:1)
  An adder (D:2)
  A dart slug (D:1)
  An endoplasm (D:1)
  A goblin (D:1)
  3 hobgoblins
  2 kobolds (D:1)
  A quokka (D:1)
  4 ball pythons
  5 bats (D:1)
20 creatures vanquished.

Vanquished Creatures (others)
  A plant (D:1)
1 creature vanquished.

Grand Total: 21 creatures vanquished

Notes
Turn   | Place    | Note
-------+----------+-------------------------------------------
     0 | D:1      | GigaChad the Human Fighter began the quest for the Orb.
     0 | D:1      | Reached XP level 1. HP: 18/18 MP: 1/1
   171 | D:1      | Reached XP level 2. HP: 12/24 MP: 2/2
   564 | D:1      | Reached XP level 3. HP: 9/29 MP: 3/3
  1012 | D:1      | Found a faded altar of an unknown god.
  1371 | D:2      | Noticed Natasha
  1381 | D:2      | Slain by Natasha

Illustrated notes

Levels and vault maps discovered:
D:1:      dpeg_arrival_refuge, layout_loops_ring,
          shapermc_ecumenical_altar_ellora, st_stairs_1, minivault_26,
          minmay_split_cup_large
D:2:      layout_basic, nicolae_hexahallways, grunt_ministairs_8, uniq_terence,
          uniq_natasha

Action                   || total
-------------------------++-------
Melee: War axe           ||    62
Armor: Scale mail        ||    50
Dodge: Dodged            ||    54
Block: Buckler           ||    19
